 Dungeon Crawl Stone Soup version 0.29.1-2-gbd0b4ee654 (webtiles) character file.

Game seed: 4104822287425283703

167 GorkyZ the Trooper (level 5, -1/41 HPs)
             Began as a Demonspawn Fighter on Nov 20, 2022.
             Slain by a gnoll
             ... wielding a +0 halberd
              (6 damage)
             ... on level 3 of the Dungeon.
             The game lasted 00:04:31 (2553 turns).

GorkyZ the Trooper (Demonspawn Fighter)             Turns: 2553, Time: 00:04:32

Health: -1/41      AC:  9    Str: 19    XL:     5   Next: 23%
Magic:  5/5        EV:  9    Int:  9    God:
Gold:   167        SH:  4    Dex: 12    Spells: 4/4 levels left

rFire   . . .      SeeInvis .   a - +0 war axe
rCold   . . .      Faith    .   c - +0 buckler
rNeg    . . .      Spirit   .   b - +0 scale mail
rPois   .          Reflect  .   (no helmet)
rElec   .          Harm     .   (no cloak)
rCorr   .          Rampage  .   h - +0 pair of gloves
Will    .....                   s - +0 pair of boots
Stlth   ..........              (no amulet)
HPRegen 0.13/turn               (no ring)
MPRegen 0.09/turn               (no ring)

@: no status effects
A: foul stench 1
a: no special abilities


You were on level 3 of the Dungeon.
You visited 1 branch of the dungeon, and saw 3 of its levels.

You collected 167 gold pieces.

Inventory:

Hand Weapons
 a - a +0 war axe (weapon)
Missiles
 q - 2 javelins (quivered)
Armour
 b - a +0 scale mail (worn)
 c - a +0 buckler (worn)
 h - a +0 pair of gloves (worn)
 s - a +0 pair of boots (worn)
Scrolls
 e - a scroll of amnesia {unknown}
 g - a scroll of torment {unknown}
 i - a scroll of blinking {unknown}
 j - 2 scrolls of teleportation {unknown}
 n - 5 scrolls of identify {unknown}
 o - a scroll of vulnerability {unknown}
 p - 2 scrolls of enchant weapon {unknown}
Potions
 d - a potion of might
 f - a potion of attraction {unknown}
 k - a potion of flight {unknown}
 l - a potion of curing
 m - a potion of invisibility {unknown}
 r - a potion of magic {unknown}


   Skills:
 + Level 3.6 Fighting
 + Level 2.4 Axes
 + Level 1.3 Throwing
 + Level 3.3 Armour
 + Level 1.4 Dodging
 + Level 3.1 Shields
 + Level 1.6 Evocations


You had 4 spell levels left.
You didn't know any spells.
Your spell library was empty.

Dungeon Overview and Level Annotations

Branches:
Dungeon (3/15)

Altars:


Innate Abilities, Weirdness & Mutations

You may rarely emit foul miasma when damaged in melee.


Message History

The gnoll completely misses you. x2
A gnoll comes into view. It is wielding a +0 flail.
The gnoll hits you with a +0 spear.
You closely miss the gnoll.
The gnoll is heavily wounded.
The gnoll barely misses you. The gnoll hits you but does no damage.
You barely miss the gnoll.
The gnoll is heavily wounded.
The gnoll hits you but does no damage. The gnoll closely misses you.
The gnoll hits you but does no damage.
The gnoll hits you from afar with a +0 halberd.
A kobold comes into view.
It is wielding a +0 whip and quivering poisoned darts.
You hit the gnoll.
The gnoll is almost dead.
The gnoll hits you with a +0 spear.
The gnoll hits you from afar with a +0 halberd.
You hit the gnoll.
You kill the gnoll!
You barely miss the gnoll. The gnoll barely misses you.
The gnoll hits you with a +0 flail! The gnoll closely misses you.
You closely miss the gnoll. You barely miss the gnoll.
The gnoll closely misses you. The gnoll hits you with a +0 halberd.
The gnoll hits you but does no damage. The gnoll closely misses you.
You closely miss the gnoll. You hit the gnoll. You closely miss the kobold.
The kobold closely misses you.
The gnoll hits you but does no damage. x2
You barely miss the gnoll. You hit the kobold. You hit the gnoll.
The kobold hits you but does no damage. You block the gnoll's attack.
The gnoll barely misses you. The gnoll hits you with a +0 halberd.
The kobold completely misses you. You block the gnoll's attack.
You closely miss the gnoll. You hit the kobold.
You kill the kobold!
You closely miss the gnoll. The gnoll hits you but does no damage.
You block the gnoll's attack.
You hit the gnoll but do no damage. x2; The gnoll hits you but does no damage.
You block the gnoll's attack. The gnoll hits you with a +0 flail!
* * * LOW HITPOINT WARNING * * *
The gnoll closely misses you.
You closely miss the gnoll. You hit the gnoll but do no damage.
The gnoll hits you with a +0 halberd.
You die...

##### #...# #...####
##########...##..
#.......##...##.# #
#.......##...##..
....####)......###.....#
......g@.†...........###
......).g...............
........................
............##.........#
....................#..#
..................#.##.#
............#.....#..#..
............#.....##.##.
... ..............#.


You could see 2 gnolls.

Vanquished Creatures
  A jelly (D:3)
  A gnoll (D:3)
  5 adders
  A worm (D:2)
  4 dart slugs
  2 orcs (D:3)
  2 bats
  4 endoplasms
  5 giant cockroaches
  11 goblins
  3 hobgoblins
  2 jackals (D:3)
  9 kobolds
  2 quokkas
  8 ball pythons
  6 frilled lizards
  5 rats
71 creatures vanquished.

Notes
Turn   | Place    | Note
-------+----------+-------------------------------------------
     0 | D:1      | GorkyZ the Demonspawn Fighter began the quest for the Orb.
     0 | D:1      | Reached XP level 1. HP: 18/18 MP: 1/1
   286 | D:1      | Gained mutation: You may rarely emit foul miasma when
                  | damaged in melee. [demonic ancestry]
   286 | D:1      | Reached XP level 2. HP: 24/24 MP: 2/2
   885 | D:2      | Reached XP level 3. HP: 20/29 MP: 3/3
  1078 | D:2      | Reached skill level 1 in Evocations
  1118 | D:2      | Found a faded altar of an unknown god.
  1720 | D:3      | Reached skill level 1 in Dodging
  1766 | D:3      | Reached XP level 4. HP: 24/35 MP: 4/4
  1892 | D:3      | Reached skill level 1 in Throwing
  2171 | D:3      | Reached XP level 5. HP: 19/41 MP: 5/5
  2553 | D:3      | Slain by a gnoll

Illustrated notes

Levels and vault maps discovered:
D:1:      amcnicky_arrival_blooded_trapdoor, layout_basic
D:2:      layout_basic, ebering_ecumenical_altar_box, nrook_campfire,
          grunt_ministairs_14, corexii_item_surrounded_by_moat
D:3:      layout_rooms, mainiacjoe_overflow_big_doors, corexii_corridor_pit,
          minmay_misc_feat_alley, minmay_divided_ellipse

Skill      XL: |  1  2  3  4 |
---------------+-------------+-----
Axes           | 2 |  2.4
Armour         | 3 |  3.3
Evocations     | 1 |  1.6
Dodging        | 1 |  1.4
Shields        | 3 |  3.1
Throwing       | 1 |  1.3
Fighting       | |  3.6

Action                   |  1- 3 |  4- 6 || total
-------------------------+-------+-------++-------
Melee: War axe           |   110 |    82 ||   192
Armor: Scale mail        |    57 |    72 ||   129
Dodge: Dodged            |    66 |    42 ||   108
Block: Buckler           |    29 |    25 ||    54
